[Event "GCT Superbet Rapid Poland 2025"]
[Site "Warsaw"]
[Date "2025.04.26"]
[Round "1.1"]
[White "Fedoseev, Vladimir"]
[Black "Firouzja, Alireza"]
[Result "1/2-1/2"]
[Annotator "TA"]
[ECO "E06"]
[WhiteElo "2739"]
[BlackElo "2757"]
[PlyCount "158"]
[EventDate "2025.04.23"]
[EventType "tourn"]
[EventCountry "POL"]
[SourceTitle "playchess.com"]
[Source "ChessBase"]
[SourceQuality "1"]
[TimeControl "1500+10"]

1. d4 Nf6 2. c4 e6 3. Nf3 d5 4. g3 Be7 5. Bg2 O-O 6. Nc3 Nbd7 7. Qd3 b6 {[%emt 0:00:11] E06: Closed Catalan: Early deviations.} 8. cxd5 Nxd5 9. O-O Bb7 10. Rd1 c5 {[%emt 0:01:10] 10...c5 is the modern continuation.} 11. Nxd5 exd5 12. dxc5 bxc5 13. Bf4 Qb6 $146 (13... Re8 14. b3 a5 15. Rac1 a4 16. Ne1 Nf6 17. Bg5 axb3 18. Qxb3 Rb8 19. Bxf6 Bxf6 20. Bxd5 Bxd5 21. Qxd5 Qxd5 22. Rxd5 Rxe2 23. Rdxc5 {0-1 Firouzja,A (2702)-Aronian,L (2758) chess.com Speed blitz 2019 (1.10)}) 14. Qb3 Nf6 15. Ne5 Rfe8 16. Bf3 Bf8 {[%emt 0:02:01] [#]} 17. Nc4 $1 Qa6 18. Ne3 c4 {[%emt 0:04:04] [#]} (18... Rad8 $11) 19. Nxc4 $1 $16 {[%emt 0:01:35][%csl Oa7,Od5][%mdl 512] Black has weak pawns} Bc6 20. Ne3 Ba4 (20... Rad8 $142) 21. Qd3 $1 Bb5 22. Qd2 Rad8 23. a4 $1 (23. Bxd5 Bc5 24. a4 Bxe2 $17) (23. Nxd5 $6 Nxd5 24. Bxd5 Bxe2 $14 (24... Rxe2 $2 25. Bxf7+ Kxf7 26. Qxd8 $18) (24... Bc6 $2 25. e4 $18)) 23... Bc4 24. Nxc4 Qxc4 25. Qd3 Qb4 26. Qb5 h6 27. Qxb4 (27. Bxd5 $2 Qxb5 28. Bxf7+ Kxf7 $19) 27... Bxb4 28. a5 Rc8 29. Rd3 (29. Bxd5 Nxd5 30. Rxd5 Rxe2 $11) 29... g5 30. Be3 {[%emt 0:00:22] A strong pair of Bishops.} Bc5 31. Bd4 (31. Bxd5 $6 Bxe3 32. fxe3 Nxd5 33. Rxd5 Rxe3 $14) 31... Bxd4 32. Rxd4 Rc2 33. b4 (33. Bxd5 $6 Rexe2 34. Rf1 Rxb2 $11) 33... Rb8 34. Rb1 Ra2 (34... Rc5 $16) 35. Rc1 $18 Rb2 36. Bxd5 R2xb4 37. Rxb4 Rxb4 {[%emt 0:00:01][%mdl 4096] Endgame KRB-KRN. White is a pawn up.} 38. Rc8+ Kg7 39. Bc4 Rb1+ 40. Kg2 Rc1 41. Kf3 {[%emt 0:00:11] Prevents Ne4} Rc3+ 42. e3 g4+ (42... h5 $16 43. Rc7 g4+ 44. Ke2 Ne4) 43. Kf4 Rc2 44. Ke5 Nd7+ 45. Kd4 $1 (45. Kd6 $6 Rd2+ 46. Kc7 Ne5 $14) 45... Rd2+ 46. Kc3 Rxf2 47. Rc7 Ne5 48. Bd5 (48. Rxa7 Nxc4 49. Kxc4 Rxh2 $11) 48... a6 49. Re7 (49. Ra7 $142) 49... Rf5 $16 50. e4 {[%emt 0:00:21] White has more active pieces.} Rg5 (50... Rh5 $16 51. Kb4 Kf8) 51. Ra7 Rg6 52. Bb7 $1 Rd6 {[%emt 0:00:10] ...Rd7 would now be deadly.} 53. Rxa6 (53. Bxa6 Nc6 54. e5 Rg6 $15) 53... Rd3+ 54. Kb4 Rd2 55. Bd5 Rxh2 56. Rd6 $1 Rh1 57. a6 Ra1 58. Bb3 $2 (58. Bb7 $18) 58... h5 $11 59. Ba4 Rb1+ 60. Kc5 Rb8 $2 (60... Rc1+ $11 {and Black has nothing to worry.} 61. Kb4 h4) 61. Rd5 $18 Kf6 (61... f6 {might work better.} 62. Bb5 h4) 62. Bc6 $2 (62. Rd6+ Kg7 63. Rd5 f6 $18) (62. a7 $18 Rg8 63. Bb5) 62... Rc8 $14 63. Rd6+ Ke7 $2 (63... Kg5 $16 {stays breathing.}) 64. a7 $18 h4 65. a8=Q ({Not} 65. a8=B hxg3 66. Rd2 Rh8 $11) 65... Rxa8 66. Bxa8 hxg3 {[%emt 0:00:04] [#]} 67. Rd2 $1 Kf6 68. Rg2 Kg5 69. Rxg3 Kf4 70. Rg1 g3 {[%emt 0:00:06] [#]} 71. Bd5 $2 (71. Kd6 $1 $18 {White threatens Rf1+ and mate.} f6 72. Ke7) 71... Nf3 $11 {[%emt 0:00:18] The position is equal.} 72. Rg2 (72. Rxg3 Kxg3 73. Bxf7 Kf4 74. Kd5) 72... Nh4 $1 73. Rg1 (73. Rxg3 Kxg3 74. Bxf7 Nf3 75. Kd5) 73... Nf3 74. Rc1 {[%emt 0:00:19][%cal Oe4e5] Strongly threatening e5!.} (74. Rxg3 {simplifies} Kxg3 75. Bxf7 Kf4 76. Kd5) 74... g2 75. e5 g1=Q+ 76. Rxg1 Nxg1 77. Kd6 Nf3 78. Bxf3 Kxf3 79. e6 fxe6 {[%emt 0:00:01] White really could win this.   Weighted Error Value: White=0.15 (very precise) /Black=0.27 (precise)   Loses game:     	---       	Black=3      Missed win:     	White=2     	---        Mistake:       	White=1     	Black=5      Inaccurate:     	White=3     	Black=1      OK:         	White=24    	Black=23     Best:        	White=7     	Black=9      Strong:       	White=5     	Black=1      Brilliant:      	White=1     	---} 1/2-1/2

[Event "GCT Superbet Rapid Poland 2025"]
[Site "Warsaw"]
[Date "2025.04.26"]
[Round "2.4"]
[White "Fedoseev, Vladimir"]
[Black "Gavrilescu, David"]
[Result "1-0"]
[Annotator "TA"]
[ECO "E04"]
[WhiteElo "2739"]
[BlackElo "2554"]
[PlyCount "35"]
[EventDate "2025.04.23"]
[EventType "tourn"]
[EventCountry "POL"]
[SourceTitle "playchess.com"]
[Source "ChessBase"]
[SourceQuality "1"]
[TimeControl "1500+10"]

1. d4 d5 2. c4 e6 3. Nf3 Nf6 4. g3 dxc4 5. Bg2 c5 6. O-O Nc6 7. dxc5 Qxd1 8. Rxd1 Bxc5 9. Nbd2 b5 {[%emt 0:00:08] E04: Open Catalan: 5 Nf3.} (9... c3 $11 10. bxc3 O-O) 10. Ng5 $1 $146 {[%emt 0:05:50][%mdl 8] White sacrificed a pawn A relevant novelty.} (10. Ne5 $14 Nxe5 11. Bxa8) (10. a4 Ba6 11. Ng5 Nd5 12. Nde4 Bb4 13. Nxf7 Kxf7 14. Ng5+ Kf6 15. Nxe6 Nce7 16. axb5 Bb7 17. Nd4 Kf7 18. Ra4 c3 19. Rd3 a5 20. bxc3 Bxc3 21. Rf3+ Kg6 22. Nc6 Bf6 23. Ne5+ {1-0 Harikrishna,P (2695)-Warmerdam,M (2646) Tata Steel-A 87th 2025 (4)}) 10... Bb7 11. a4 {[%emt 0:00:42] aiming for Nge4.} a6 {[%emt 0:01:22] The position is equal.} 12. Nde4 Bb4 (12... Be7 $11 {remains equal.}) 13. Nxf6+ gxf6 {[%emt 0:00:03] [#]} 14. Nxf7 {[%emt 0:00:03] White is more active.} Kxf7 15. Rd7+ {[%emt 0:00:02] White attacks} Kg6 {[%emt 0:00:26] Strongly threatening ...Rhd8.} 16. Rxb7 Nd4 17. Be3 {[%emt 0:00:18] This pair of bishops is nice.} e5 (17... Nb3 $16 18. Rd1 Rad8 19. Be4+ f5) 18. axb5 {[%emt 0:00:13] Weighted Error Value: White=0.10 (very precise) /Black=0.77  Loses game:     	---       	Black=1      Mistake:       	White=1     	Black=1      OK:         	White=3     	Black=2      Best:        	White=2     	---        Brilliant:      	White=1     	---} 1-0

[Event "GCT Superbet Rapid Poland 2025"]
[Site "Warsaw"]
[Date "2025.04.27"]
[Round "4.5"]
[White "Fedoseev, Vladimir"]
[Black "Vachier-Lagrave, Maxime"]
[Result "1/2-1/2"]
[Annotator "TA"]
[ECO "D85"]
[WhiteElo "2739"]
[BlackElo "2722"]
[PlyCount "102"]
[EventDate "2025.04.23"]
[EventType "tourn"]
[EventCountry "POL"]
[SourceTitle "playchess.com"]
[Source "ChessBase"]
[SourceQuality "1"]
[TimeControl "1500+10"]

1. d4 Nf6 2. c4 g6 3. Nc3 d5 4. cxd5 Nxd5 5. e4 Nxc3 6. bxc3 Bg7 7. Nf3 c5 8. h3 O-O 9. Be2 cxd4 {[%emt 0:00:14] D85: Exchange Grünfeld: Unusual White 7th moves and lines with 7 Nf3.} 10. cxd4 Nc6 11. Be3 Qa5+ 12. Bd2 Qa3 13. d5 Ne5 ({Much worse is} 13... Bxa1 14. Qxa1 Nb4 15. O-O $16) 14. O-O Bd7 {[%emt 0:00:25] is the new trend.} 15. Rb1 Ba4 16. Qe1 Nd3 17. Bb4 $146 (17. Bxd3 Qxd3 18. Bg5 Rfe8 19. Qa5 b5 20. Rbc1 h6 21. Rfe1 Rac8 22. Rxc8 Rxc8 23. Bxe7 {½-½ Giri,A (2752)-Vachier Lagrave,M (2734) Saint Louis Rapid 2023 (1)}) 17... Nxb4 (17... Qxa2 $2 18. Bxd3 Rfe8 19. Bc3 $18) 18. Qxb4 Qxa2 {[%emt 0:00:02] Hoping for ...a5.} (18... Qxb4 19. Rxb4 Bc2 20. e5 Rfc8) 19. Bc4 {[%emt 0:00:28] [#]} a5 $1 20. Bxa2 axb4 21. Rxb4 b5 22. e5 Rfd8 23. Re1 Bh6 24. g4 Bc2 25. Rb2 Ra3 26. Nd4 Bd3 27. Nc6 (27. Nxb5 Bxb5 28. d6 Bd7 (28... exd6 $2 29. Bxf7+ Kxf7 30. Rxb5 $19) 29. dxe7 Re8 $19) 27... Rda8 28. Bb1 (28. Nxe7+ $2 {too greedy.} Kf8 29. Bb1 Kxe7 $17) (28. d6 $1 $14 Bg5 (28... Rxa2 $2 29. Rxa2 Rxa2 30. dxe7 $18) 29. f4 (29. Nxe7+ Kf8 $16) 29... Bxf4 30. d7 (30. Nxe7+ Kf8 $11)) 28... Bc4 29. Nxe7+ Kf8 30. d6 Rxh3 31. Be4 Ra4 32. Kg2 Rc3 {[%emt 0:01:56] The position is equal.} 33. f3 Bg5 34. Nd5 Bxd5 35. Bxd5 Rd4 $1 $132 {[%emt 0:00:01][%mdl 2048] [#] Black puts up resistance} 36. Bxf7 Kxf7 (36... Rc1 37. Ree2) 37. e6+ Ke8 38. Rxb5 Rd2+ (38... Rxd6 {simplifies} 39. Rxg5 Rd2+ 40. Kg3 Rdd3) 39. Kg3 {[%emt 0:00:04] Rb8+ would kill now. Chess con chili.} Rxd6 $1 40. Rxg5 $11 {[%emt 0:00:03][%mdl 4096] Endgame next Rb5 is good for White. KRR-KRR. White is a pawn up.} Rdd3 41. Rf1 Ke7 42. Ra5 Kxe6 43. Ra6+ Kf7 44. Ra7+ Kg8 45. Kf4 Ra3 46. Re7 h6 47. Kg3 Re3 48. Rd7 Red3 49. Re7 Re3 50. Rd7 Red3 51. Re7 Re3 {[%emt 0:00:01] Weighted Error Value: White=0.07 (flawless) /Black=0.05 (flawless)   Mistake:       	White=1     	---        Inaccurate:     	White=2     	Black=5      OK:         	White=20    	Black=18     Best:        	White=2     	Black=1      Strong:       	---       	Black=3} 1/2-1/2

[Event "GCT Superbet Rapid Poland 2025"]
[Site "Warsaw"]
[Date "2025.04.27"]
[Round "6.1"]
[White "Fedoseev, Vladimir"]
[Black "Deac, Bogdan-Daniel"]
[Result "1/2-1/2"]
[Annotator "TA"]
[ECO "E06"]
[WhiteElo "2739"]
[BlackElo "2668"]
[PlyCount "123"]
[EventDate "2025.04.23"]
[EventType "tourn"]
[EventCountry "POL"]
[SourceTitle "playchess.com"]
[Source "ChessBase"]
[SourceQuality "1"]
[TimeControl "1500+10"]

1. d4 Nf6 2. c4 e6 3. Nf3 d5 4. g3 Be7 5. Bg2 O-O 6. Nc3 dxc4 7. Ne5 c5 8. dxc5 Qxd1+ 9. Nxd1 Bxc5 10. O-O {[%emt 0:00:13] White sacrificed a pawn} Nd5 {[%emt 0:00:41] Repels Nc3. E06: Closed Catalan: Early deviations.} 11. Bd2 Nc6 12. Nxc4 Rd8 13. Nc3 b6 14. Rfc1 $146 (14. Ne4 Be7 15. Rac1 Bb7 {½-½ Nikolov,M (2522)-Cvitan,O (2470) Cattolica Halloween op 2021 (7)}) 14... Ba6 15. Ne4 Bd4 16. Rab1 Ne5 17. b3 {[%emt 0:00:14][%cal Bb2b3,Bb3c4][%mdl 32] and e3 should not be overlooked} Nxc4 18. bxc4 Ne7 19. Nd6 {[%emt 0:04:07] Prevents Rac8.} Rab8 20. Bb4 Bc5 21. Bxc5 bxc5 22. Nb5 g6 23. a4 (23. Nxa7 Rxb1 24. Rxb1 Bxc4 $15) 23... Rd7 24. f4 Rbd8 25. Kf2 Bb7 26. Bxb7 Rxb7 27. Rd1 Rbd7 28. Rxd7 Rxd7 $11 {[%emt 0:00:01][%mdl 4096] Endgame KRN-KRN} 29. Nc3 Rd4 30. Rb8+ Kg7 31. Rb7 Rxc4 32. Nb5 a6 33. Nd6 Rd4 34. Ne8+ Kf8 35. Nf6 Kg7 36. Nd7 Rb4 37. Ra7 Nc6 ({Much weaker is} 37... Rxa4 38. Nxc5 Ra5 39. Nxe6+ (39. Nxa6 Nd5 $17) 39... Kf6 40. Nc7 $16) (37... c4 $1 $11 {remains equal.}) 38. Rxa6 $16 Nb8 39. Nxb8 Rxb8 {[%emt 0:00:02] KR-KR} 40. a5 Rb5 41. Ke3 Rb3+ 42. Ke4 Ra3 43. Ra7 h6 44. g4 g5 {[%emt 0:00:12] The position is equal.} 45. f5 Kf6 46. fxe6 fxe6 47. a6 Ra4+ 48. Kf3 Ke5 49. e3 c4 50. Ra8 Ra2 51. a7 c3 52. h3 c2 53. Rc8 Rxa7 54. Rc5+ Kf6 55. Rxc2 Ra4 56. Rc7 Rb4 57. Rh7 Kg6 58. Re7 Kf6 59. Rh7 Kg6 60. Re7 Kf6 61. Rh7 Kg6 62. Re7 {[%emt 0:00:01] Weighted Error Value: White=0.05 (flawless) /Black=0.06 (flawless)   Mistake:       	---       	Black=1      Inaccurate:     	White=4     	Black=3      OK:         	White=30    	Black=22     Best:        	White=2     	Black=8} 1/2-1/2

[Event "GCT Superbet Rapid Poland 2025"]
[Site "Warsaw"]
[Date "2025.04.28"]
[Round "8.2"]
[White "Fedoseev, Vladimir"]
[Black "Aronian, Levon"]
[Result "1/2-1/2"]
[Annotator "TA"]
[ECO "A32"]
[WhiteElo "2739"]
[BlackElo "2747"]
[PlyCount "54"]
[EventDate "2025.04.23"]
[EventType "tourn"]
[EventCountry "POL"]
[SourceTitle "playchess.com"]
[Source "ChessBase"]
[SourceQuality "1"]
[TimeControl "1500+10"]

1. d4 Nf6 2. c4 e6 3. g3 c5 4. Nf3 cxd4 5. Nxd4 Qc7 6. Nc3 a6 7. Bg5 Bb4 {[%emt 0:01:18] is the legacy move (7...Be7). A32: Symmetrical English: 2 Nf3 Nf6 3 d4 cxd4 4 Nxd4 e6.} 8. Bg2 Bxc3+ $146 (8... Qxc4 9. O-O Nc6 10. Nxc6 dxc6 11. Rc1 O-O 12. Ne4 Qb5 13. Nxf6+ gxf6 14. Bxf6 Qf5 15. Qd4 Re8 16. Qh4 h5 17. Rc4 {1-0 Rotstein,A (2490)-Dizdarevic,E (2465) Cannes op 1995 (9)}) 9. bxc3 Qxc4 {[%emt 0:00:06] White is slightly better.} 10. O-O d5 {[%emt 0:00:27] [#]} 11. e4 $1 dxe4 12. Bxf6 $1 gxf6 13. Bxe4 {[%emt 0:00:02] White sacrificed a pawn} Nd7 14. Re1 Qc5 15. Rb1 O-O 16. Bxb7 Rb8 17. Nb3 Qc7 18. Bg2 Bb7 19. Bxb7 {[%emt 0:00:17] Successful Defense White} Rxb7 20. Qg4+ Kh8 21. Re3 Rb5 22. Rd1 Qb7 23. c4 Rf5 24. Nd4 {[%emt 0:00:56] Active counter play!} Rc5 25. Nb3 {[%emt 0:00:05][%cal Od1d7] [#]} Rf5 $1 26. Nd4 Rc5 27. Nb3 {[%emt 0:00:37][%cal Od1d7] Hoping for Rxd7!.} Rf5 $1 {[%emt 0:00:09] Weighted Error Value: White=0.10 (very precise) /Black=0.04 (flawless)   Inaccurate:     	White=1     	Black=1      OK:         	White=6     	Black=8      Best:        	White=1     	---        Strong:       	White=1     	Black=2} 1/2-1/2